AoeStats
← Iwwan

Four Lakes

510242448Analyzed
1v1 RM · 21h ago on Sep 30, 2026· 18m 22s· 2 players
Game mode
Random Map
Map size
Tiny (2 player)
Population
200
Speed
Normal
Resources
Standard
Victory
Conquest
Starting age
Dark Age
Ending age
Imperial Age
RankedLock teamsTeams togetherTeam positionsShared explorationLock speedFull tech treeHidden civsTurbo modeCheats
Victory
Defeat
🇦🇺 Britons · Australia
942
+43
🇪🇨 Lithuanians · Ecuador
939
-16
[TKILLA] Elmiko
8:59 Loom
10:44 Feudal Age
11:38 Horse Collar
11:46 Double-Bit Axe
16:45 Castle Age
16:01 Forging
15:57 Scale Barding Armor
17:10 Bloodlines
Iwwan
5:37 Loom
13:33 Feudal Age
15:07 Double-Bit Axe
Connection lost

Rejoining the realm…

Still unreachable

The connection could not be restored.

Session expired

The server has moved on; the page needs a fresh start.